 Dungeon Crawl Stone Soup version 0.20.1-1-g8b1a95d (webtiles) character file.

796 Monsterracer the Chiller (level 7, -1/46 HPs)
             Began as a Barachi Ice Elementalist on Aug 14, 2017.
             Slain by a killer bee (9 damage)
             ... on level 4 of the Dungeon.
             The game lasted 00:12:03 (5195 turns).

Monsterracer the Chiller (Barachi Ice Elementalist) Turns: 5195, Time: 00:12:03

Health: -1/46      AC: 12    Str:  9    XL:     7   Next: 89%
Magic:  0/13       EV: 12    Int: 18    God:
Gold:   228        SH:  0    Dex: 12    Spells: 1/15 levels left

rFire    x . .     SeeInvis .   r - +0 short sword
rCold    + . .     Gourm    .   (no shield)
rNeg     + . .     Faith    .   a - +0 robe
rPois    .         Spirit   .   h - +2 helmet
rElec    .         Reflect  .   (no cloak)
rCorr    .         Harm     .   (no gloves)
MR       .....                  (no boots)
Stlth    ++........             (no amulet)
Regen    0.2/turn               b - ring of positive energy
MPRegen  0.2/turn               C - ring of ice

@: lethally poisoned (-1 -> -4), icy armour, very slow
A: +LOS, swims, slowness 1, strong legs 1
a: Hop


You were on level 4 of the Dungeon.
You were not hungry.

You visited 1 branch of the dungeon, and saw 4 of its levels.

You collected 228 gold pieces.

Inventory:

Hand Weapons
 r - a +0 short sword (weapon)
Armour
 a - a +0 robe (worn)
 h - a +2 helmet (worn)
 x - a +0 shield
Jewellery
 b - a ring of positive energy (left hand)
 u - an uncursed ring of flight
 C - a ring of ice (right hand)
Scrolls
 d - a scroll of immolation
 f - a scroll of enchant armour {unknown}
 k - 7 scrolls of remove curse
 n - a scroll of magic mapping {unknown}
 o - a scroll of teleportation
 p - a scroll of fog {unknown}
 v - a scroll of recharging {unknown}
 w - a scroll of amnesia {unknown}
 z - a scroll of enchant weapon {unknown}
Potions
 g - 5 potions of might
 i - a potion of heal wounds
 m - a potion of cancellation
 q - a potion of haste
 s - a potion of flight
 t - a potion of curing {unknown}
 B - a potion of invisibility {unknown}
Comestibles
 c - 5 bread rations
 j - 4 royal jellies
 l - 9 fruits
 A - a meat ration


   Skills:
 - Level 2.1 Dodging
 - Level 1.7 Stealth
 + Level 4.5 Spellcasting
 + Level 4.0 Conjurations
 + Level 3.4 Summonings
 * Level 7.8 Ice Magic


You had one spell level left.
You knew the following spells:

 Your Spells              Type           Power        Failure   Level  Hunger
a - Freeze                Ice            ####         1%          1    None
b - Throw Frost           Conj/Ice       #####.       1%          2    #......
c - Ozocubu's Armour      Chrm/Ice       ####....     9%          3    ###....
d - Summon Ice Beast      Ice/Summ       #####...     14%         4    ####...
e - Throw Icicle          Conj/Ice       #####...     12%         4    ####...


Dungeon Overview and Level Annotations

Branches:
Dungeon (4/15)
 Temple: D:4-7

Altars:
Nemelex Xobeh
Trog
The Shining One


Innate Abilities, Weirdness & Mutations

Shadows flee at your approach. (+LOS)
You can swim through water.
You cover ground slowly.
You can hop short distances.


Message History

The killer bee is severely wounded.
* * * LOW MAGIC WARNING * * *
The killer bee completely misses you. The killer bee stings you.
* * * LOW HITPOINT WARNING * * *
A killer bee comes into view.
Damage: -4%(-2hp) hp: 20%(9hp) Unknown command.
Unknown command.
Casting: Freeze
Confirm with . or Enter, or press ? or * to list all spells.
Aiming: Freeze
Press: ? - help, Shift-Dir - straight line, f/p - killer bee
Aim: a killer bee (severely wounded)
You feel a surge of power!
You freeze the killer bee.
The killer bee is almost dead.
* * * LOW MAGIC WARNING * * *
You feel sick.
The killer bee stings you but does no damage.
The killer bee stings you!
You die...

#.####'#####.#######......#
#.#..................####.####
##.#########..#######....#.....
#...............## ####.######
#############....### #
#.....:...#yy #.........#y#
#.##......#.# #.###.y@..#y####
#.# #.y####....#
#.###..####....#
#.......†......#
########.......# #.y..####
#....# #....# ###### ##


You could see 2 killer bees.

Vanquished Creatures
  A phantom (D:4)
  2 ogres (D:4)
  A water moccasin skeleton (D:4)
  4 killer bees (D:4)
  A howler monkey (D:4)
  An orc priest (D:4)
  A bullfrog skeleton (D:4)
  2 worker ants (D:4)
  An orc wizard (D:4)
  The ghost of DominaUrsi the Chucker, a weakling HaHu (D:3)
  A gnoll (D:3)
  3 adders (D:4)
  2 oozes
  A worm (D:3)
  3 dart slugs
  2 leopard geckos
  9 orcs
  11 bats
  5 giant cockroaches
  6 goblins
  9 hobgoblins
  6 jackals (D:2)
  8 kobolds
  2 quokkas
  5 frilled lizards
  A quokka skeleton (D:4)
  9 rats
98 creatures vanquished.

Vanquished Creatures (collateral kills)
  A bullfrog skeleton (D:4)
1 creature vanquished.

Grand Total: 99 creatures vanquished

Notes
Turn   | Place    | Note
-------+----------+-------------------------------------------
     0 | D:1      | Monsterracer the Barachi Ice Elementalist began the quest for the Orb.
     0 | D:1      | Reached XP level 1. HP: 13/13 MP: 3/3
     3 | D:1      | Noticed an electric eel
     3 | D:1      | Noticed an electric eel
   282 | D:1      | HP: 6/13 [ooze (2)]
   288 | D:1      | Reached skill level 4 in Ice Magic
   288 | D:1      | Reached XP level 2. HP: 9/19 MP: 0/5
   301 | D:1      | HP: 8/19 [kobold (2)]
   305 | D:1      | HP: 3/19 [kobold (3)]
   315 | D:1      | HP: 2/19 [kobold (2)]
   357 | D:1      | Learned a level 2 spell: Throw Frost
   716 | D:1      | Reached XP level 3. HP: 24/24 MP: 4/7
   750 | D:1      | Learned a level 3 spell: Ozocubu's Armour
  1892 | D:2      | Reached XP level 4. HP: 30/30 MP: 8/8
  2002 | D:2      | Found a sparkling altar of Nemelex Xobeh.
  2006 | D:2      | Reached skill level 5 in Ice Magic
  2568 | D:3      | Found a bloodstained altar of Trog.
  3034 | D:3      | Found a glowing golden altar of the Shining One.
  3186 | D:3      | Noticed DominaUrsi's ghost (weakling HaHu)
  3190 | D:3      | Killed DominaUrsi's ghost
  3350 | D:3      | Reached XP level 5. HP: 29/35 MP: 5/9
  3496 | D:3      | Learned a level 4 spell: Summon Ice Beast
  3514 | D:3      | Noticed a phantom
  3865 | D:4      | Noticed an ogre
  3875 | D:4      | Killed an ogre
  3875 | D:4      | Reached skill level 1 in Summonings
  3875 | D:4      | Reached skill level 6 in Ice Magic
  3875 | D:4      | Reached XP level 6. HP: 31/41 MP: 0/11
  3982 | D:4      | HP: 19/41 [water moccasin skeleton (5)]
  4224 | D:4      | Reached XP level 7. HP: 45/46 MP: 0/12
  4391 | D:4      | HP: 20/46 [bullfrog skeleton (6)]
  4397 | D:4      | HP: 13/46 [bullfrog skeleton (1)]
  4408 | D:4      | HP: 8/46 [bullfrog skeleton (4)]
  4709 | D:4      | Reached skill level 7 in Ice Magic
  4752 | D:4      | Learned a level 4 spell: Throw Icicle
  5189 | D:4      | HP: 23/46 [poisoned by a killer bee]
  5193 | D:4      | HP: 11/46 [killer bee (2)]
  5195 | D:4      | Slain by a killer bee

Skill      XL: |  1  2  3  4  5  6  7 |
---------------+----------------------+-----
Ice Magic      | 4 5 6 7 |  7.8
Conjurations   | 2 3 4 |  4.0
Spellcasting   | 3 4 |  4.5
Summonings     | 1 2 3 |  3.4
Dodging        | |  2.1
Stealth        | |  1.7

Action                   |  1- 3 |  4- 6 |  7- 9 || total
-------------------------+-------+-------+-------++-------
Melee: Unarmed           |    23 |       |       ||    23
       Short sword       |    11 |    77 |    43 ||   131
 Cast: Freeze            |    53 |    59 |    37 ||   149
       Throw Frost       |     3 |    12 |     4 ||    19
       Ozocubu's Armour  |     1 |       |     1 ||     2
       Summon Ice Beast  |       |       |     3 ||     3
       Throw Icicle      |       |       |     3 ||     3
 Abil: Hop               |     2 |     1 |     1 ||     4
  Use: Potion            |     2 |       |       ||     2
       Scroll            |       |     6 |     1 ||     7
 Stab: Sleeping          |     1 |     2 |     1 ||     4
  Eat: Chunk             |     4 |     9 |     4 ||    17
Armor: Robe              |    18 |    30 |    24 ||    72
       Skin              |     3 |       |       ||     3
Dodge: Dodged            |    51 |    75 |    64 ||   190
